 Dungeon Crawl Stone Soup version 0.28.0-45-g0d030f2227 (webtiles) character file.

Game seed: 10028950092224860111

713 Ablot the Cutter (level 7, -9/60 HPs)
             Began as a Gnoll Chaos Knight on Apr 20, 2022.
             Was a Plaything of Xom.
             Mangled by a culicivora (glowing shapeshifter) (21 damage)
             ... on level 5 of the Dungeon.
             The game lasted 00:06:28 (3557 turns).

Ablot the Cutter (Gnoll Chaos Knight)               Turns: 3557, Time: 00:06:29

Health: -9/60      AC:  6    Str: 13    XL:     7   Next: 69%
Magic:  10/10      EV: 12    Int: 17    God:    Xom [...*..]
Gold:   113        SH:  0    Dex: 12    Spells: 11/11 levels left

rFire   . . .      SeeInvis .   a - +0 short sword (chaos)
rCold   . . .      Faith    .   (no shield)
rNeg    . . .      Spirit   .   b - +2 leather armour
rPois   .          Reflect  .   k - +0 helmet
rElec   .          Harm     .   (no cloak)
rCorr   .          Rampage  .   (no gloves)
Will    +....                   (no boots)
Stlth   ++........              t - amulet of regeneration
HPRegen 1.00/turn               o - +6 ring of intelligence
MPRegen 0.12/turn               (no ring)

@: unable to read
A: fangs 1, strong nose, distributed training, talons 1, strong-willed 1,
inability to read while threatened
a: Renounce Religion


You were on level 5 of the Dungeon.
You worshipped Xom.
You were a favourite toy of Xom.
You visited 1 branch of the dungeon, and saw 5 of its levels.

You collected 113 gold pieces.

Inventory:

Hand Weapons
 a - a +0 short sword of chaos (weapon)
Missiles
 d - 204 stones (quivered)
 j - 27 bolts
 l - 23 sling bullets
 q - 32 arrows
Armour
 b - a +2 leather armour (worn)
 e - a +0 buckler
 k - a +0 helmet (worn)
Jewellery
 o - a +6 ring of intelligence (left hand)
 t - an amulet of regeneration (around neck)
Scrolls
 g - 3 scrolls of magic mapping {unknown}
 h - 3 scrolls of identify {unknown}
 p - a scroll of silence {unknown}
 r - a scroll of immolation {unknown}
 s - a scroll of teleportation {unknown}
 v - a scroll of holy word {unknown}
Potions
 c - a potion of heal wounds {unknown}
 f - a potion of degeneration {unknown}
 i - a potion of might {unknown}
 m - a potion of resistance {unknown}
 n - a potion of curing
 u - a potion of attraction {unknown}
 w - a potion of brilliance {unknown}


   Skills:
 + Level 7.1 Fighting
 + Level 7.1 Short Blades
 + Level 2.6 Long Blades
 + Level 2.6 Axes
 + Level 2.6 Maces & Flails
 + Level 2.6 Polearms
 + Level 2.6 Staves
 + Level 2.6 Slings
 + Level 2.6 Bows
 + Level 2.6 Crossbows
 + Level 2.6 Throwing
 + Level 5.3 Armour
 + Level 3.7 Dodging
 + Level 2.6 Stealth
 + Level 2.6 Shields
 + Level 2.6 Unarmed Combat
 + Level 2.6 Spellcasting
 + Level 2.1 Conjurations
 + Level 2.1 Hexes
 + Level 2.1 Summonings
 + Level 2.1 Necromancy
 + Level 2.1 Translocations
 + Level 2.1 Transmutations
 + Level 2.1 Fire Magic
 + Level 2.1 Ice Magic
 + Level 2.1 Air Magic
 + Level 2.1 Earth Magic
 + Level 2.1 Poison Magic
 + Level 2.9 Invocations
 + Level 2.6 Evocations


You had 11 spell levels left.
You didn't know any spells.
Your spell library contained the following spells:

 Spells                   Type           Power      Damage    Failure   Level
 Confusing Touch          Hex            9%         N/A       28%         3
 Frozen Ramparts          Ice            18%        1d3       28%         3
 Portal Projectile        Hex/Tloc       18%        N/A       28%         3
 Tukima's Dance           Hex            9%         N/A       28%         3
 Ice Form                 Ice/Tmut       9%         N/A       67%         4
 Summon Ice Beast         Ice/Summ       9%         N/A       67%         4
 Lee's Rapid Deconstruct  Erth           4%         3d6*      95%         5
 Yara's Violent Unravell  Hex/Tmut       4%         3d4       95%         5
 Enfeeble                 Hex            4%         N/A       100%        7


Dungeon Overview and Level Annotations

Branches:
Dungeon (5/15)             Temple (0/1) D:4

Altars:
Ashenzari
Elyvilon
Nemelex Xobeh
Uskayaw
Zin


Innate Abilities, Weirdness & Mutations

You have very sharp teeth.
Your uncanny sense of smell can sniff out nearby items.
Your experience applies equally to all skills.
You have sharp toenails.
You are strong-willed. (Will+)
You sometimes lose the ability to read scrolls when taking damage.


Message History

Your shadow imp dies!
Your shadow imp disappears in a puff of smoke!
You hear the slow rusting of a drain nearby.
Your ufetubus misses something.
Your ufetubus closely misses something.
Your ufetubus barely misses itself.
Your ufetubus hits itself but does no damage.
You see here 11 gold pieces.
Unknown command.
You now have 113 gold pieces (gained 11).
Unknown command.
It was a potion of curing.
You feel better.
A harpy comes into view.
Your shadow imp hits the water moccasin zombie.
The harpy claws you.
* * * LOW HITPOINT WARNING * * *
The harpy barely misses you.
Unknown command.
You closely miss the harpy. Your kick misses the harpy.
Your bite misses the harpy.
The harpy changes into a culicivora!
Your iron imp hits the culicivora.
Unknown command.
You closely miss the culicivora. You bite the culicivora.
The culicivora is lightly wounded.
You can read scrolls again.
The water moccasin zombie closely misses your shadow imp.
The culicivora closely misses you.
Your iron imp completely misses the culicivora.
Unknown command.
You closely miss the culicivora.
The culicivora is lightly wounded.
Your ufetubus closely misses the culicivora.
Your ufetubus completely misses the culicivora.
The culicivora bites you but does no damage.
Unknown command.
You barely miss the culicivora.
The culicivora is lightly wounded.
The culicivora bites you!!
You feel threatened and lose the ability to read scrolls!
You die...
Xom laughs nastily!

..#....#....# ..#.
..##...####.# ....#....
..###..#.#..###...#...
.....<..... .........#
........... ##.).....# .
.......#.# #........# ..
.##....#.####))#.Z...#...
###....#>.#<)..#5........
#..........w)5@........
####.........s#5....##
#..............###
##...†......##.#
#####.....## .# ##...## #
#....# +...... #.#....


You could see a culicivora shaped shifter (ally target), a worm (confused), a
water moccasin zombie (confused), a friendly iron imp (summoned), a friendly
white imp (summoned) and a friendly shadow imp (summoned).

Vanquished Creatures
  Grinder (D:5)
  A necrophage (D:5)
  A phantom (D:5)
  A water moccasin skeleton (D:5)
  A hound (D:4)
  An orc priest (D:4)
  2 iguanas
  A hound skeleton (D:4)
  Robin (D:2)
  An adder (D:3)
  2 worms (D:2)
  2 dart slugs
  5 orcs
  6 ball pythons
  6 bats
  2 endoplasms
  3 giant cockroaches
  12 goblins
  6 hobgoblins
  3 jackals (D:4)
  A quokka (D:1)
  3 frilled lizards
  5 kobolds
  8 rats
  5 toadstools (D:1)
80 creatures vanquished.

Vanquished Creatures (collateral kills)
  A bullfrog skeleton (D:5)
  A jelly (D:5)
  An orc wizard (D:5)
  An orc (D:5)
4 creatures vanquished.

Vanquished Creatures (others)
  5 plants (D:1)
  10 withered plants (D:1)
15 creatures vanquished.

Grand Total: 99 creatures vanquished

Notes
Turn   | Place    | Note
-------+----------+-------------------------------------------
     0 | D:1      | Ablot the Gnoll Chaos Knight began the quest for the Orb.
     0 | D:1      | Reached XP level 1. HP: 23/23 MP: 1/1
   141 | D:1      | Reached XP level 2. HP: 28/29 MP: 2/2
   259 | D:1      | XOM: silly message
   364 | D:1      | XOM: god gift: 27 bolts
   423 | D:1      | Found a faded altar of an unknown god.
   537 | D:1      | XOM: give mutation
   537 | D:1      | Gained mutation: You have sharp toenails. [Xom's grace]
   760 | D:2      | XOM: give mutation
   760 | D:2      | Gained mutation: You sometimes lose the ability to read
                  | scrolls when taking damage. [Xom's mischief]
   789 | D:2      | Found a glowing silver altar of Zin.
   842 | D:2      | XOM: potion effect (curing)
   941 | D:2      | Reached XP level 3. HP: 31/35 MP: 3/3
  1043 | D:2      | Noticed Robin
  1073 | D:2      | Killed Robin
  1074 | D:2      | Reached skill level 1 in Invocations
  1112 | D:2      | XOM: 4-stop teleportation journey
  1439 | D:2      | Reached skill level 1 in Long Blades
  1439 | D:2      | Reached skill level 1 in Axes
  1439 | D:2      | Reached skill level 1 in Maces & Flails
  1439 | D:2      | Reached skill level 1 in Polearms
  1439 | D:2      | Reached skill level 1 in Staves
  1439 | D:2      | Reached skill level 1 in Slings
  1439 | D:2      | Reached skill level 1 in Bows
  1439 | D:2      | Reached skill level 1 in Crossbows
  1439 | D:2      | Reached skill level 1 in Throwing
  1439 | D:2      | Reached skill level 1 in Stealth
  1439 | D:2      | Reached skill level 1 in Shields
  1439 | D:2      | Reached skill level 1 in Unarmed Combat
  1439 | D:2      | Reached skill level 1 in Spellcasting
  1439 | D:2      | Reached skill level 1 in Evocations
  1840 | D:3      | Found a sparkling altar of Nemelex Xobeh.
  1929 | D:3      | XOM: give mutation
  1929 | D:3      | Gained mutation: You are strong-willed. (Will+) [Xom's
                  | mischief]
  2055 | D:3      | Reached XP level 4. HP: 39/41 MP: 5/5
  2111 | D:3      | Found a white marble altar of Elyvilon.
  2158 | D:3      | Got Zizuoh's Papyrus of Stones and Hexes
  2288 | D:3      | XOM: stat loss: -1 Int (16/17)
  2504 | D:4      | Found a staircase to the Ecumenical Temple.
  2530 | D:4      | Reached skill level 1 in Conjurations
  2530 | D:4      | Reached skill level 1 in Hexes
  2530 | D:4      | Reached skill level 1 in Summonings
  2530 | D:4      | Reached skill level 1 in Necromancy
  2530 | D:4      | Reached skill level 1 in Translocations
  2530 | D:4      | Reached skill level 1 in Transmutations
  2530 | D:4      | Reached skill level 1 in Fire Magic
  2530 | D:4      | Reached skill level 1 in Ice Magic
  2530 | D:4      | Reached skill level 1 in Air Magic
  2530 | D:4      | Reached skill level 1 in Earth Magic
  2530 | D:4      | Reached skill level 1 in Poison Magic
  2932 | D:4      | XOM: 2-stop teleportation journey
  2946 | D:4      | XOM: divination: detect items
  2951 | D:4      | XOM: enchant monster (good)
  2957 | D:4      | XOM: confuse monster(s)
  2959 | D:4      | Reached XP level 5. HP: 41/47 MP: 5/7
  2974 | D:4      | XOM: blink monster(s)
  3232 | D:4      | Found a hide-covered altar of Uskayaw.
  3232 | D:4      | Found a broken altar of Ashenzari.
  3369 | D:4      | XOM: cloud trail
  3403 | D:5      | Entered Level 5 of the Dungeon
  3403 | D:5      | Noticed a phantom
  3416 | D:5      | Killed a phantom
  3417 | D:5      | Reached XP level 6. HP: 48/53 MP: 8/8
  3420 | D:5      | Reached skill level 5 in Armour
  3493 | D:5      | Noticed a necrophage
  3495 | D:5      | XOM: cleaving
  3497 | D:5      | XOM: polymorph orc -> frilled lizard
  3500 | D:5      | Killed a necrophage
  3501 | D:5      | Reached XP level 7. HP: 59/59 MP: 10/10
  3506 | D:5      | Noticed a glowing shapeshifter
  3506 | D:5      | an orc wizard changed into a glowing shapeshifter
  3506 | D:5      | Noticed a death drake
  3506 | D:5      | a glowing shapeshifter changed into a death drake
  3507 | D:5      | Noticed a steelbarb worm
  3507 | D:5      | a death drake changed into a steelbarb worm
  3509 | D:5      | XOM: summons 6 friendly demons
  3510 | D:5      | Noticed a swamp worm
  3510 | D:5      | a steelbarb worm changed into a swamp worm
  3510 | D:5      | Noticed Grinder
  3511 | D:5      | Noticed a shock serpent
  3511 | D:5      | a swamp worm changed into a shock serpent
  3512 | D:5      | Noticed a torpor snail
  3512 | D:5      | a shock serpent changed into a torpor snail
  3524 | D:5      | XOM: summons friendly iron imp
  3526 | D:5      | XOM: confuse monster(s)
  3528 | D:5      | Noticed a slime creature
  3528 | D:5      | a torpor snail changed into a slime creature
  3529 | D:5      | XOM: summons friendly ufetubus
  3531 | D:5      | Noticed a glowing orange brain
  3531 | D:5      | a slime creature changed into a glowing orange brain
  3533 | D:5      | Noticed a two-headed ogre
  3533 | D:5      | a glowing orange brain changed into a two-headed ogre
  3537 | D:5      | a two-headed ogre changed into a floating eye
  3538 | D:5      | Noticed a glowing shapeshifter
  3538 | D:5      | a floating eye changed into a glowing shapeshifter
  3538 | D:5      | XOM: confusion (+ monsters)
  3539 | D:5      | Noticed a swamp worm
  3539 | D:5      | a glowing shapeshifter changed into a swamp worm
  3545 | D:5      | Noticed a mana viper
  3545 | D:5      | a swamp worm changed into a mana viper
  3546 | D:5      | Noticed a lindwurm
  3546 | D:5      | a mana viper changed into a lindwurm
  3548 | D:5      | XOM: summons 3 friendly demons
  3549 | D:5      | Killed Grinder
  3550 | D:5      | HP: 2/60 [lindwurm (glowing shapeshifter)/blast of flame
                  | (23)]
  3553 | D:5      | Noticed a harpy
  3554 | D:5      | Noticed a culicivora
  3554 | D:5      | a harpy changed into a culicivora
  3557 | D:5      | Mangled by a culicivora (glowing shapeshifter)

Illustrated notes

Levels and vault maps discovered:
D:1:      ldierk_water_garden, layout_rooms,
          shapermc_ecumenical_altar_flowoftime, ebering_dispersal_statue_hall
D:2:      layout_basic, basic_altar, kennysheep_generic_room_6, uniq_robin
D:3:      layout_basic, elyvilon_altar_3, mainiacjoe_overflow_boulevard,
          minmay_misc_feat_enclosed
D:4:      layout_basic, chequers_temple_overflow_statue_of_worship,
          temple_pool_b, minmay_misc_feat_encased
D:5:      layout_cave_pools, cheibrodos_sewer_entry_sluice, nrook_pool_corridor,
          uniq_grinder

Skill      XL: |  1  2  3  4  5  6  7 |
---------------+----------------------+-----
Invocations    | 1 2 |  2.9
Long Blades    | 1 2 |  2.6
Axes           | 1 2 |  2.6
Maces & Flails | 1 2 |  2.6
Polearms       | 1 2 |  2.6
Staves         | 1 2 |  2.6
Slings         | 1 2 |  2.6
Bows           | 1 2 |  2.6
Crossbows      | 1 2 |  2.6
Throwing       | 1 2 |  2.6
Stealth        | 1 2 |  2.6
Shields        | 1 2 |  2.6
Unarmed Combat | 1 2 |  2.6
Spellcasting   | 1 2 |  2.6
Evocations     | 1 2 |  2.6
Conjurations   | 1 2 |  2.1
Hexes          | 1 2 |  2.1
Summonings     | 1 2 |  2.1
Necromancy     | 1 2 |  2.1
Translocations | 1 2 |  2.1
Transmutations | 1 2 |  2.1
Fire Magic     | 1 2 |  2.1
Ice Magic      | 1 2 |  2.1
Air Magic      | 1 2 |  2.1
Earth Magic    | 1 2 |  2.1
Poison Magic   | 1 2 |  2.1
Dodging        | 3 |  3.7
Armour         | 5 |  5.3
Fighting       | 7 |  7.1
Short Blades   | 7 |  7.1

Action                   |  1- 3 |  4- 6 |  7- 9 || total
-------------------------+-------+-------+-------++-------
Melee: Short sword       |   142 |   106 |    36 ||   284
       Bite              |    14 |    12 |     8 ||    34
       Kick              |    31 |    32 |    12 ||    75
       Punch             |     1 |     1 |       ||     2
  Use: Potion            |       |       |     1 ||     1
 Stab: Sleeping          |       |     2 |       ||     2
       Invisible         |       |     1 |       ||     1
       Distracted        |       |       |     1 ||     1
Armor: Leather armour    |    43 |    31 |    14 ||    88
Dodge: Dodged            |    83 |    63 |    18 ||   164
